 Dungeon Crawl Stone Soup version 0.23.2-1-ga50397a6bc (webtiles) character file.

Game seed: 1439948459462226961

823 Ethylacetat the Ruffian (level 7, 0/63 HPs)
             Began as a Naga Transmuter on May 9, 2019.
             Was a Follower of Cheibriados.
             Killed from afar by an orc wizard (6 damage)
             ... with a magic dart
             ... on level 4 of the Dungeon.
             The game lasted 00:11:45 (4115 turns).

Ethylacetat the Ruffian (Naga Transmuter)           Turns: 4115, Time: 00:11:47

Health: 0/63       AC:  2    Str: 16    XL:     7   Next: 96%
Magic:  8/12       EV: 19    Int: 18    God:    Cheibriados [*.....]
Gold:   177        SH:  0    Dex: 19    Spells: 9/13 levels left

rFire    . . .     SeeInvis +     - Unarmed
rCold    . . .     Gourm    .   (shield currently unavailable)
rNeg     . . .     Faith    .   (armour currently unavailable)
rPois    x         Spirit   .   (helmet currently unavailable)
rElec    .         Reflect  .   (cloak currently unavailable)
rCorr    .         Harm     .   (gloves currently unavailable)
MR       .....                  (no barding)
Stlth    ++........             (no amulet)
HPRegen  0.20/turn              (no ring)
MPRegen  0.13/turn              (no ring)

@: lethally poisoned (0 -> -1), spider-form, slowed, very slow
A: tiny, see invisible, slow metabolism 1, spit poison 1, AC +2
a: Spit Poison, End Transformation, Bend Time, Renounce Religion


You were on level 4 of the Dungeon.
You worshipped Cheibriados.
Cheibriados was aware of your devotion.
You were hungry.
You were a venomous arachnid creature.
You visited 1 branch of the dungeon, and saw 4 of its levels.

You collected 177 gold pieces.

Inventory:

Missiles
 a - 88 arrows
Armour
 b - a +0 robe (melded)
Scrolls
 c - 2 scrolls of fog {unknown}
 e - 2 scrolls of teleportation {unknown}
 f - a scroll of blinking {unknown}
 h - 3 scrolls of identify {unknown}
 i - a scroll of enchant weapon {unknown}
 k - 2 scrolls of amnesia {unknown}
 l - a scroll of remove curse {unknown}
 m - a scroll of enchant armour {unknown}
 n - a scroll of random uselessness {unknown}
Potions
 g - a potion of lignification {unknown}
 o - a potion of mutation {unknown}
Comestibles
 d - 7 rations


   Skills:
 + Level 3.8 Fighting
 - Level 1.5 Dodging
 + Level 4.9 Unarmed Combat
 + Level 3.9 Spellcasting
 + Level 4.2 Transmutations
 - Level 4.0 Poison Magic
 + Level 1.7 Invocations


You had 9 spell levels left.
You knew the following spells:

 Your Spells              Type           Power        Failure   Level  Hunger
a - Beastly Appendage     Tmut           ###...       10%         1    None
b - Spider Form           Tmut/Pois      ###.......   22%         3    ###....

Your spell library contained the following spells:

 Spells                   Type           Power        Failure   Level  Hunger
 Sticks to Snakes         Tmut           ###.....     13%         2    ##.....
 Ensorcelled Hibernation  Hex/Ice        #.....       43%         2    ##.....
 Ice Form                 Ice/Tmut       ##......     73%         4    ####...
 Blade Hands              Tmut           ###.......   78%         5    ######.


Dungeon Overview and Level Annotations

Branches:
Dungeon (4/15)
 Temple: D:4-7

Altars:
Ashenzari
Cheibriados
Ru


Innate Abilities, Weirdness & Mutations

You cannot wear boots.
((Your serpentine skin is tough. (AC +2)))
You have supernaturally acute eyesight. (SInv)
((Armour fits poorly on your strangely shaped body.))
((Your system is resistant to poisons. (rPois)))
((You cover ground very slowly.))
You have a slow metabolism.
You can spit poison.


Message History

Cheibriados appreciates the change of pace.
The adder skeleton completely misses you.
The adder skeleton bites you.
* * * LOW HITPOINT WARNING * * *
You hit the orc wizard but do no damage.
The orc wizard is poisoned.
Your transformation has ended.
Your +0 robe unmelds from your body.
You feel sick.
The orc wizard hits you with a +0 dagger.
* * * LOW HITPOINT WARNING * * *
The adder skeleton bites you.
* * * LOW HITPOINT WARNING * * *
Casting: Spider Form (safe; 9% risk of failure)
Confirm with . or Enter, or press ? or * to list all spells.
You turn into a venomous arachnid creature.
Your +0 robe melds into your body.
You feel sick.
The adder skeleton completely misses you.
The orc wizard gestures at you while chanting.
The magic dart hits you.
You die...

....#...#.. ....###
.#..#.....#.. [.........
.#.......##<##..........
.#.................$....
.......##......$ .......
.......##.##..# .......
........(.#...## ....#
.........##....##....##
#...####†##.##..so!..$#
#.#.# ##...>##..#Z.##.#
..#.# #..........#....
#.#.# #.......)..##.....
#.#.# #...........#.....
#.#.# #...........# ....
#.#.#.............# ...
#.#.#.###.#.....:## ...
..# .. #..##...##


You could see an orc wizard and an adder skeleton.

Vanquished Creatures
  Sigmund (D:2)
  3 scorpions (D:4)
  A hound (D:2)
  2 orc priests
  3 orc wizards
  Jessica (D:3)
  Terence (D:2)
  Natasha (thrice) (D:2)
  A worker ant (D:4)
  8 adders
  An adder zombie (D:4)
  3 worms
  2 dart slugs (D:1)
  A leopard gecko (D:3)
  9 orcs
  9 bats
  8 giant cockroaches
  12 goblins
  11 hobgoblins
  4 jackals (D:3)
  8 kobolds
  2 quokkas
  2 ball pythons
  4 frilled lizards
  A leopard gecko skeleton (D:4)
  5 rats
106 creatures vanquished.

Notes
Turn   | Place    | Note
-------+----------+-------------------------------------------
     0 | D:1      | Ethylacetat the Naga Transmuter began the quest for the
                  | Orb.
     0 | D:1      | Reached XP level 1. HP: 18/18 MP: 3/3
   237 | D:1      | Reached XP level 2. HP: 11/25 MP: 5/5
   956 | D:2      | Noticed Sigmund
  1052 | D:2      | Reached XP level 3. HP: 17/31 MP: 6/6
  1057 | D:2      | Learned a level 3 spell: Spider Form
  1491 | D:2      | Reached skill level 1 in Poison Magic
  1491 | D:2      | Reached XP level 4. HP: 28/39 MP: 3/7
  1800 | D:2      | Noticed Terence
  1805 | D:2      | Noticed Natasha
  1810 | D:2      | Killed Terence
  1812 | D:2      | Reached XP level 5. HP: 25/45 MP: 4/9
  1819 | D:2      | HP: 1/45 [Natasha (9)]
  1828 | D:2      | Killed Natasha
  1899 | D:2      | Killed Sigmund
  1899 | D:2      | Reached XP level 6. HP: 32/55 MP: 7/10
  1987 | D:2      | Noticed Natasha
  1996 | D:2      | Killed Natasha
  2137 | D:2      | Noticed Natasha
  2145 | D:2      | Killed Natasha
  2170 | D:2      | Found a sacrificial altar of Ru.
  2823 | D:3      | Reached XP level 7. HP: 25/62 MP: 8/12
  3042 | D:3      | Noticed Jessica
  3048 | D:3      | Killed Jessica
  3063 | D:3      | Identified Jessica's Catalogue of the Oath
  3186 | D:3      | Found a sacrificial altar of Ru.
  3193 | D:3      | Found a snail-covered altar of Cheibriados.
  3197 | D:3      | Found a shattered altar of Ashenzari.
  3205 | D:3      | Became a worshipper of Cheibriados the Contemplative
  3531 | D:3      | Reached * piety under Cheibriados
  3992 | D:4      | Reached skill level 1 in Invocations
  4115 | D:4      | Killed from afar by an orc wizard

Skill      XL: |  1  2  3  4  5  6  7 |
---------------+----------------------+-----
Poison Magic   | 1 2 3 4 |  4.0
Fighting       | 2 3 |  3.8
Unarmed Combat | 4 |  4.9
Spellcasting   | 3 |  3.9
Transmutations | 3 4 |  4.2
Invocations    | 1 |  1.7
Dodging        | |  1.5

Action                   |  1- 3 |  4- 6 |  7- 9 || total
-------------------------+-------+-------+-------++-------
Melee: Unarmed           |    56 |   104 |   103 ||   263
       Headbutt          |     1 |       |       ||     1
       Punch             |       |       |     1 ||     1
 Cast: Beastly Appendage |     1 |       |       ||     1
       Spider Form       |     6 |    12 |    13 ||    31
 Abil: Spit Poison       |    13 |     2 |     2 ||    17
  Use: Potion            |       |     3 |       ||     3
 Stab: Sleeping          |       |       |     1 ||     1
  Eat: Chunk             |     3 |     4 |     4 ||    11
Armor: Robe              |    11 |     2 |     9 ||    22
       Skin              |     1 |     5 |     4 ||    10
Dodge: Dodged            |    39 |    80 |   108 ||   227
